 Dungeon Crawl Stone Soup version 0.26.0-18-gc5c842f807 (webtiles) character file.

Game seed: 15115518017722424128

6873 Flure the Cruncher (level 11, -2/87 HPs)
             Began as a Formicid Fighter on Jan 23, 2021.
             Was a Priest of Okawaru.
             Slain by a manticore (13 damage)
             ... on level 11 of the Dungeon.
             The game lasted 00:21:11 (11828 turns).

Flure the Cruncher (Formicid Fighter)              Turns: 11828, Time: 00:21:12

Health: -2/87      AC: 13    Str: 25    XL:     11   Next: 26%
Magic:  11/11      EV: 10    Int:  8    God:    Okawaru [***...]
Gold:   381        SH: 12    Dex: 13    Spells: 10/10 levels left

rFire    + . .     SeeInvis +   N - +5 morningstar (freeze)
rCold    x . .     Faith    .   c - +0 kite shield
rNeg     . . .     Spirit   .   O - +2 scale mail {rPois}
rPois    +         Reflect  .   (helmet unavailable)
rElec    .         Harm     .   h - +2 cloak of Deiwk {Str+4 SInv}
rCorr    +         Rampage  .   I - +0 pair of gloves
Will     +....                  (no boots)
Stlth    ..........             L - amulet of the acrobat
HPRegen  0.24/turn              d - ring of fire
MPRegen  0.12/turn              f - ring of resist corrosion

@: very slightly contaminated, invisible
A: permanent stasis, dig shafts and tunnels, four strong arms, antennae 3
a: Dig, Shaft Self, Renounce Religion, Heroism


You were on level 11 of the Dungeon.
You worshipped Okawaru.
Okawaru was most pleased with you.
You visited 2 branches of the dungeon, and saw 11 of its levels.

You collected 602 gold pieces.
You spent 221 gold pieces at shops.

Inventory:

Hand Weapons
 N - a +5 morningstar of freezing (weapon)
Missiles
 e - 453 stones
 t - 134 sling bullets
 u - a throwing net
 w - 16 boomerangs
 y - 72 poisoned darts (quivered)
Armour
 c - a +0 kite shield (worn)
 h - the +2 cloak of Deiwk (worn) {Str+4 SInv}
   (You found it on level 7 of the Dungeon)

   It affects your strength (+4).
   It lets you see invisible.
 I - a +0 pair of gloves (worn)
 O - a +2 scale mail of poison resistance (worn)
 Q - a +1 chain mail of cold resistance
Magical Staves
 b - an uncursed staff of fire
Jewellery
 a - an uncursed ring of stealth
 d - a ring of fire (left hand)
 f - a ring of resist corrosion (right hand)
 r - an uncursed ring of fire
 s - an uncursed ring of flight
 C - an uncursed ring of magical power
 E - an uncursed ring of ice
 L - an amulet of the acrobat (around neck)
Wands
 i - a wand of polymorph (12)
Scrolls
 j - 3 scrolls of random uselessness {unknown}
 k - 12 scrolls of remove curse
 l - a scroll of enchant weapon {unknown}
 n - 3 scrolls of teleportation
 p - a scroll of fog {unknown}
 v - 2 scrolls of amnesia
 x - 6 scrolls of identify {unknown}
 A - 3 scrolls of fear {unknown}
 D - 2 scrolls of immolation
 H - a scroll of enchant armour {unknown}
 K - 2 scrolls of blinking {unknown}
Potions
 g - 2 potions of berserk rage {unknown}
 q - 4 potions of brilliance
 P - a potion of curing
 S - 2 potions of haste {unknown}


   Skills:
 + Level 8.6 Fighting
 * Level 6.3(9.3) Maces & Flails
 - Level 10.6(11.3) Staves
 + Level 2.1 Throwing
 - Level 3.4 Armour
 + Level 1.0 Dodging
 - Level 0.2 Stealth
 - Level 10.0 Shields
 - Level 1.5 Unarmed Combat


You had 10 spell levels left.
You didn't know any spells.
Your spell library contained the following spells:

 Spells                   Type           Power        Failure   Level
 Gell's Gravitas          Tloc           0%           97%         3
 Lesser Beckoning         Tloc           0%           97%         3
 Teleport Other           Tloc           0%           97%         3
 Passage of Golubria      Tloc           N/A          100%        4
 Blink                    Tloc           Unusable     N/A         2

Dungeon Overview and Level Annotations

Branches:
Dungeon (9/15)             Temple (1/1) D:5            Lair (0/6) D:11
    Orc: D:9-12

Altars:
Ashenzari
Cheibriados
Dithmenos
Elyvilon
Fedhas
Gozag
Hepliaklqana
Kikubaaqudgha
Makhleb
Nemelex Xobeh
Okawaru
Qazlal
Ru
Sif Muna
Trog
Uskayaw
Vehumet
Wu Jian
Xom
Yredelemnul
Zin
The Shining One

Shops:
D:9 (


Innate Abilities, Weirdness & Mutations

You cannot be hasted, slowed, berserked, paralysed or teleported.
You can dig through walls and to a lower floor.
Your four strong arms can wield two-handed weapons with a shield.
You have a pair of large antennae on your head. (SInv)


Message History

The manticore closely misses you.
You puncture the manticore! You freeze the manticore.
The manticore is moderately wounded.
The manticore bites you!
* * * LOW HITPOINT WARNING * * *
The manticore claws you.
* * * LOW HITPOINT WARNING * * *
The manticore claws you.
* * * LOW HITPOINT WARNING * * *
You fade into invisibility!
The manticore bites you!
* * * LOW HITPOINT WARNING * * *
You block the manticore's attack. x2
You are very lightly contaminated with residual magic.
You feel better. You block the manticore's attack.
The manticore closely misses you. You block the manticore's attack.
You barely miss the manticore.
The manticore is moderately wounded.
The manticore bites you!
You die...

##.#### #.# #[# #.# #.#
## #########.###
##+###.
#...........#####....P.
#...........##..'......
#...........#..##......
#.............###......
#....H@.....### #.....†
#...........# #...PP.
#...........# #......
#...........# #....P.
#...........# #......
####..####### ####...
##. #### .. # #####


You could see a manticore.

Vanquished Creatures
  Harold (D:7)
  The ghost of Marvel the Cleaver, a novice HOFi of Okawaru (D:5)
  Joseph (D:7)
  2 wyverns (D:11)
  2 basilisks (D:11)
  Menkaure (D:6)
  2 water moccasins (D:11)
  2 ice beasts
  A sky beast (D:5)
  2 eyes of draining (D:4)
  2 black bears (D:11)
  2 ogres
  2 orc warriors
  2 phantoms
  2 wolves (D:11)
  4 centaurs
  5 bullfrogs
  A water moccasin zombie (D:7)
  7 scorpions
  A killer bee (D:9)
  14 wights
  A bullfrog zombie (D:5)
  4 hounds
  12 orc wizards
  2 bullfrog skeletons (D:9)
  7 orc priests
  A jelly (D:9)
  3 centaur skeletons
  6 iguanas
  5 worker ants
  A centaur simulacrum (D:5)
  4 gnolls
  9 adders
  A hound simulacrum (D:5)
  2 howler monkey simulacra (D:5)
  An adder zombie (D:9)
  2 adder skeletons
  2 worms
  3 dart slugs (D:1)
  An adder simulacrum (D:5)
  7 leopard geckos
  32 orcs
  2 ball pythons
  12 bats
  5 giant cockroaches
  10 goblins
  11 hobgoblins
  11 jackals
  9 kobolds
  2 quokkas
  10 frilled lizards
  A quokka skeleton (D:6)
  9 rats
  A spectral orc (D:8)
246 creatures vanquished.

Vanquished Creatures (others)
  2 fungi (D:11)
  12 plants
14 creatures vanquished.

Grand Total: 260 creatures vanquished

Notes
Turn   | Place    | Note
-------+----------+-------------------------------------------
     0 | D:1      | Flure the Formicid Fighter began the quest for the Orb.
     0 | D:1      | Reached XP level 1. HP: 18/18 MP: 1/1
   102 | D:1      | Reached XP level 2. HP: 10/24 MP: 2/2
   473 | D:1      | Reached XP level 3. HP: 9/29 MP: 3/3
   859 | D:1      | You fall into a shaft and drop 1 floor!
  1036 | D:2      | Reached XP level 4. HP: 24/35 MP: 4/4
  1884 | D:2      | Reached skill level 5 in Shields
  2333 | D:3      | Reached XP level 5. HP: 42/42 MP: 5/5
  2384 | D:3      | Noticed an ogre
  2396 | D:3      | Killed an ogre
  2694 | D:3      | Reached XP level 6. HP: 48/48 MP: 6/6
  3178 | D:3      | Found a broken altar of Ashenzari.
  3178 | D:3      | Found a glowing silver altar of Zin.
  3178 | D:3      | Found a bloodstained altar of Trog.
  3601 | D:4      | Reached XP level 7. HP: 50/55 MP: 7/7
  3614 | D:4      | Reached skill level 5 in Staves
  3763 | D:4      | Found an iron altar of Okawaru.
  4400 | D:4      | Reached skill level 5 in Fighting
  4853 | D:4      | Found a bloodstained altar of Trog.
  4875 | D:4      | Reached XP level 8. HP: 58/62 MP: 1/8
  4885 | D:4      | Reached skill level 1 in Throwing
  5215 | D:3      | Became a worshipper of Ashenzari the Shackled
  5291 | D:5      | Entered Level 5 of the Dungeon
  5420 | D:5      | Found a radiant altar of Vehumet.
  5440 | D:5      | Fell from the grace of Ashenzari
  5521 | D:5      | Found a stormy altar of Qazlal.
  5540 | D:5      | Noticed Marvel's ghost (novice HOFi)
  5845 | D:5      | Found a runed translucent gate.
  5848 | D:5      | Found a runed translucent gate.
  5849 | D:5      | Found a runed translucent gate.
  5918 | D:5      | Found a staircase to the Ecumenical Temple.
  6162 | D:5      | Killed Marvel's ghost
  6163 | D:5      | Reached XP level 9. HP: 42/71 MP: 9/9
  7061 | D:6      | Noticed Menkaure
  7072 | D:6      | Killed Menkaure
  7581 | D:6      | HP: 2/68 [wight/+0 halberd (13)]
  8014 | D:5      | Was forgiven by Ashenzari
  8688 | Temple   | Entered the Ecumenical Temple
  8804 | D:4      | Became a worshipper of Warmaster Okawaru
  8812 | D:4      | You fall into a shaft and drop 3 floors!
  8819 | D:7      | Got a transparent cloak
  8831 | D:7      | Identified the +2 cloak of Deiwk {Str+4 SInv} (You found it
                  | on level 7 of the Dungeon)
  8968 | D:7      | Noticed Joseph
  8979 | D:7      | Killed Joseph
  8980 | D:7      | Reached XP level 10. HP: 58/79 MP: 10/10
  9105 | D:7      | Noticed Harold
  9352 | D:7      | Reached skill level 10 in Staves
  9361 | D:7      | Killed Harold
  9361 | D:7      | Reached * piety under Okawaru
  9362 | D:7      | Reached skill level 1 in Unarmed Combat
 10456 | D:8      | Reached skill level 1 in Maces & Flails
 10486 | D:8      | Reached ** piety under Okawaru
 10772 | D:8      | Found a basalt altar of Yredelemnul.
 11061 | D:8      | Found a burning altar of Makhleb.
 11373 | D:9      | Reached XP level 11. HP: 81/87 MP: 11/11
 11387 | D:9      | Found Gicsurr's Antique Weapon Emporium.
 11408 | D:9      | Bought a shimmering war axe for 221 gold pieces
 11410 | D:9      | Identified the +6 war axe of Woivoh {venom, rElec rC+ Int+4
                  | Stlth-} (You bought it in a shop on level 9 of the Dungeon)
 11488 | D:9      | You fall into a shaft and drop 2 floors!
 11488 | D:11     | Found a staircase to the Lair.
 11517 | D:11     | Reached skill level 10 in Shields
 11527 | D:11     | Reached skill level 5 in Maces & Flails
 11527 | D:11     | Reached *** piety under Okawaru
 11650 | D:11     | Reached skill level 1 in Dodging
 11815 | D:11     | Noticed a manticore
 11826 | D:11     | HP: 2/87 [manticore (8)]
 11828 | D:11     | Slain by a manticore

Illustrated notes

Levels and vault maps discovered:
D:1:      heliophobic_arrival_dark_side_of_the_moon, layout_loops_ring,
          serial_bayou_pond_b, minmay_split_cup_large
D:2:      layout_loops_ring
D:3:      layout_loops_ring, gammafunk_temple_overflow_forgotten
D:4:      layout_loops_ring, kennysheep_okawaru_gauntlet,
          chequers_ossuary_entry_cave, serial_glass, glass_columns_b,
          glass_columns_a, trog_eyes_of_draining
D:5:      layout_basic, vehumet_crystals, kennysheep_mini,
          minmay_temple_entry_antechambers, gammafunk_ghost_icy
D:6:      layout_rooms, uniq_menkaure
D:7:      layout_cave_pools, minivault_10, chequers_serial_rivers_micro_c,
          uniq_harold, uniq_joseph
D:8:      layout_loops_corners, lemuel_coloured_pillars_altar,
          yredelemnul_forgotten_temple_becter, kennysheep_generic_room_2
D:9:      nzn_winding_woodlands_stair_cross
          [nzn_winding_woodlands_5x15_sawtooth,
          nzn_winding_woodlands_center_garden,
          nzn_winding_woodlands_5x15_concentric,
          nzn_winding_woodlands_5x5_default, nzn_winding_woodlands_hourglass,
          nzn_winding_woodlands_5x15_twine, nzn_winding_woodlands_center_lodge,
          nzn_winding_woodlands_5x15_pool], layout_stronghold, erik_orc_1,
          serial_shops, shop_fountains, shop, kennysheep_doodads,
          minmay_alternating_orb
D:11:     layout_roguey, minmay_lair_entry_grove, amcnicky_altar_gilded
Temple:   zaba_magenta_temple

Skill      XL: |  1  2  3  4  5  6  7  8  9 10 11 |
---------------+----------------------------------+-----
Shields        | 4 5 6 8 9 10 | 10.0
Staves         | 3 4 6 8 9 10 | 10.6
Fighting       | 4 5 6 7 8 |  8.6
Throwing       | 1 2 |  2.1
Unarmed Combat | 1 |  1.5
Maces & Flails | 3 6 |  6.3
Dodging        | 1 |  1.0
Armour         | |  3.4
Stealth        | |  0.2

Action                   |  1- 3 |  4- 6 |  7- 9 | 10-12 || total
-------------------------+-------+-------+-------+-------++-------
Melee: Quarterstaff      |   101 |   231 |   458 |   116 ||   906
       Morningstar       |       |       |       |   152 ||   152
       Unarmed           |       |       |       |    13 ||    13
Throw: Dart              |       |       |    17 |     6 ||    23
Invok: Renounce Religion |       |       |     1 |       ||     1
 Abil: Dig               |       |       |     5 |     1 ||     6
       Shaft Self        |       |       |     1 |       ||     1
  Use: Potion            |       |       |     8 |     2 ||    10
       Scroll            |       |       |     4 |       ||     4
Armor: Scale mail        |    58 |    84 |   161 |    70 ||   373
       Skin              |       |       |    40 |     4 ||    44
Dodge: Dodged            |    33 |    74 |   143 |   115 ||   365
Block: Kite shield       |    60 |   128 |   203 |   148 ||   539
       Buckler           |       |       |    35 |       ||    35
